 Dungeon Crawl Stone Soup version 0.29.0-11-gd7f09526c8 (webtiles) character file.

Game seed: 12623546706364083083

35044 Anothat the Blocker (level 13, 0/121 HPs)
             Began as a Gnoll Wanderer on Sept 3, 2022.
             Was an Elder of Ashenzari.
             Slain by an elephant (1 damage)
             ... on level 5 of the Lair of Beasts on Sept 4, 2022.
             The game lasted 01:17:50 (28229 turns).

Anothat the Blocker (Gnoll Wanderer)               Turns: 28229, Time: 01:17:50

Health: 0/121      AC:  9    Str:  9    XL:     13   Next: 81%
Magic:  16/26      EV: 17    Int: 16    God:    Ashenzari [****..]
Gold:   1309       SH:  5    Dex: 21    Spells: 14/30 levels left

rFire   x . .      SeeInvis +     - Unarmed
rCold   + + +      Faith    .   (shield currently unavailable)
rNeg    . . .      Spirit   .   (body armour currently unavailable)
rPois   +          Reflect  +   (helmet currently unavailable)
rElec   .          Harm     .   (cloak currently unavailable)
rCorr   +          Rampage  .   (gloves currently unavailable)
Will    .....      Clarity  +   (boots currently unavailable)
Stlth   +++++.....              o - amulet of the Shattered Ennui {Reflect SH+5, Evo, Alch} (curse)
HPRegen 0.30/turn               e - +6 ring of intelligence
MPRegen 0.20/turn               f - ring of Toth-Mos's Legacy {rCorr, Evo, Cun} (curse)

@: ice-form, studying Spellcasting
A: freezing attack, amphibious, boosted hp, large, (fangs 1), strong nose,
distributed training
a: End Transformation, Renounce Religion, Curse Item, Shatter the Chains


You were on level 5 of the Lair of Beasts.
You worshipped Ashenzari.
Ashenzari was greatly pleased with you.
You were a creature of crystalline ice.
You visited 3 branches of the dungeon, and saw 17 of its levels.
You also visited: Bailey.

You collected 1309 gold pieces.

Inventory:

Hand Weapons
 g - a +2 dagger of pain
 q - a +3 flail of holy wrath (melded)
 r - a +4 arbalest of freezing
 x - a +0 long sword
 J - a +4 dagger of venom
 K - a +2 short sword of speed
Missiles
 y - 31 boomerangs (quivered)
 N - 5 curare-tipped darts
Armour
 b - a +2 buckler
 i - the cursed +0 cloak of the Esoteric Apathy (melded) {Comp, Elem}
   (You found it on level 4 of the Dungeon)

   It has a curse which improves the following skills: Companions: Summonings
   and Necromancy.
   Elements:  Fire Magic, Ice Magic, Air Magic and Earth Magic.
 k - the cursed +0 helmet "Ruined Together" (melded) {Self, Fort}
   (You took it off Robin on level 4 of the Dungeon)

   It has a curse which improves the following skills: Introspection: Fighting
   and Spellcasting.
   Fortitude: Armour and Shields.
 l - the cursed +1 pair of boots "Sibylline Visionary" (melded) {Fly, Alch, Melee}
   (You found it in a bailey)

   It has a curse which improves the following skills: Alchemy: Poison Magic and
   Transmutations.
   Melee Combat: Short Blades, Long Blades, Axes, Maces & Flails, Polearms,
   Staves and Unarmed Combat.
 t - the cursed +0 kite shield of Supernal Gnosis (melded) {Cun, Evo}
   (You found it on level 6 of the Dungeon)

   It has a curse which improves the following skills: Cunning: Dodging and
   Stealth.
   Evocations: Evocations.
 D - a +0 plate armour
 I - the cursed +0 ring mail "Overhang to Understand" (melded) {Cun, Bglg}
   (You took it off an orc on level 5 of the Dungeon)

   It has a curse which improves the following skills: Cunning: Dodging and
   Stealth.
   Beguiling: Conjurations, Hexes and Translocations.
 O - a +2 cloak
 Q - +0 ice dragon scales
Jewellery
 e - a +6 ring of intelligence (left front paw)
 f - the cursed ring of Toth-Mos's Legacy (right front paw) {rCorr, Evo, Cun}
   (You found it on level 3 of the Lair of Beasts)

   [ring of resist corrosion]

   rCorr:     It protects you from acid and corrosion.
   It has a curse which improves the following skills: Evocations: Evocations.
   Cunning:   Dodging and Stealth.
 j - an amulet of the acrobat
 o - the cursed amulet of the Shattered Ennui (around neck) {Reflect SH+5, Evo, Alch}
   (You found it on level 7 of the Dungeon)

   [amulet of reflection]

   It reflects blocked missile attacks.
   SH:        It affects your SH (+5).
   It has a curse which improves the following skills: Evocations: Evocations.
   Alchemy:   Poison Magic and Transmutations.
 w - a ring of flight
Wands
 m - a wand of polymorph (14)
Scrolls
 c - a scroll of enchant weapon
 d - 6 scrolls of vulnerability
 s - a scroll of enchant armour
 z - a scroll of torment
 H - a scroll of magic mapping
 L - 7 scrolls of identify
 M - a scroll of amnesia
 P - a scroll of butterflies
Potions
 a - a potion of resistance
 h - 3 potions of lignification
 n - 4 potions of cancellation
 p - a potion of curing
 u - a potion of might
 v - 3 potions of flight
 A - a potion of ambrosia
 C - 4 potions of brilliance
 E - 3 potions of degeneration
 F - 2 potions of mutation
Miscellaneous
 B - a phantom mirror (inert)


   Skills:
 + Level 9.3 Fighting
 + Level 8.9 Short Blades
 + Level 8.9 Long Blades
 + Level 8.9 Axes
 + Level 10.1 Maces & Flails
 + Level 8.9 Polearms
 + Level 8.9 Staves
 + Level 8.9 Ranged Weapons
 + Level 8.9 Throwing
 + Level 9.3 Armour
 + Level 8.9(10.9) Dodging
 + Level 8.9(10.9) Stealth
 + Level 13.5 Shields
 + Level 8.9 Unarmed Combat
 + Level 9.2 Spellcasting
 + Level 7.4 Conjurations
 + Level 7.4 Hexes
 + Level 7.4 Summonings
 + Level 7.4 Necromancy
 + Level 7.4 Translocations
 + Level 7.4(9.5) Transmutations
 + Level 7.4 Fire Magic
 + Level 7.4 Ice Magic
 + Level 7.4 Air Magic
 + Level 7.4 Earth Magic
 + Level 7.4(9.5) Poison Magic
 + Level 9.8 Invocations
 + Level 9.3(12.3) Evocations


You had 14 spell levels left.
You knew the following spells:

 Your Spells              Type           Power      Damage    Failure   Level
a - Foxfire               Conj/Fire      100%       2x1d9     1%          1
b - Spider Form           Tmut/Pois      37%        N/A       1%          3
c - Ice Form              Ice/Tmut       34%        N/A       3%          4
d - Summon Ice Beast      Ice/Summ       31%        N/A       4%          4
e - Sticky Flame          Conj/Fire      31%        2d5       4%          4

Your spell library contained the following spells:

 Spells                   Type           Power      Damage    Failure   Level
 Ensorcelled Hibernation  Hex/Ice        62%        N/A       1%          2
 Conjure Flame            Conj/Fire      31%        6-21      1%          3
 Frozen Ramparts          Ice            62%        1d10      1%          3
 Ignite Poison            Fire/Tmut/Pois 35%        N/A       1%          3
 Inner Flame              Hex/Fire       31%        N/A       1%          3
 Anguish                  Hex/Necr       15%        N/A       4%          4
 Cause Fear               Hex            15%        N/A       4%          4
 Flame Wave               Conj/Fire      31%        2d9       4%          4
 Fulminant Prism          Conj/Hex       15%        3d11      4%          4
 Iskenderun's Mystic Bla  Conj/Tloc      31%        2d8       4%          4
 Lee's Rapid Deconstruct  Erth           15%        3d11*     13%         5
 Discord                  Hex            15%        N/A       100%        8


Dungeon Overview and Level Annotations

Branches:
Dungeon (11/15)            Temple (1/1) D:7            Lair (5/5) D:11
  Swamp (0/4) Lair:3        Snake (0/4) Lair:3        Slime (0/5) Lair:5
 Bailey (visited)
    Orc: D:9-12

Altars:
Ashenzari
Cheibriados
Dithmenos
Elyvilon
Fedhas
Gozag
Hepliaklqana
Kikubaaqudgha
Makhleb
Nemelex Xobeh
Okawaru
Qazlal
Ru
Sif Muna
Trog
Uskayaw
Vehumet
Wu Jian
Xom
Yredelemnul
Zin
The Shining One
Jiyva

Annotations:
D:4 Dowan, Duvessa
D:6 1 runed translucent door, Crazy Yiuf
D:7 3 runed translucent doors, windycow's ghost, novice GnAM
D:10 4 transporters
Lair:1 3 runed translucent doors, exclusion: oklob plant, Armakuni's ghost, journeyman DgDe; Karim's ghost, journeyman GnWn


Innate Abilities, Weirdness & Mutations

You are a creature of crystalline ice.
You have a powerful freezing melee attack.
You are amphibious.
Your maximum health is increased.
Your armour is entirely melded.
You are incapable of wielding weapons or throwing items.
((You have very sharp teeth.))
Your uncanny sense of smell can sniff out nearby items.
Your experience applies equally to all skills.


Message History

The komodo dragon is covered in liquid flames!
The komodo dragon burns!
The komodo dragon bites you!
* * * LOW HITPOINT WARNING * * *
The water moccasin bites you.
* * * LOW HITPOINT WARNING * * *
Okay, then.
Okay, then.
You punch the elephant! You freeze the elephant.
The elephant is moderately wounded.
The komodo dragon burns!
The water moccasin bites you.
* * * LOW HITPOINT WARNING * * *
You block the komodo dragon's attack. You block the elephant's attack.
The elephant trunk-slaps you but does no damage.
You punch the elephant! You freeze the elephant.
The elephant is moderately wounded.
The komodo dragon burns!
The water moccasin barely misses you. The komodo dragon bites you.
* * * LOW HITPOINT WARNING * * *
The elephant closely misses you. You block the elephant's attack.
You hit the elephant but do no damage.
The elephant is moderately wounded.
The komodo dragon burns!
The komodo dragon stops burning.
The water moccasin barely misses you. The komodo dragon bites you!
* * * LOW HITPOINT WARNING * * *
The elephant tramples you but does no damage.
The elephant trunk-slaps you but does no damage.
The water moccasin bites you.
* * * LOW HITPOINT WARNING * * *
Okay, then.
Okay, then.
Okay, then.
You hit the komodo dragon. You freeze the komodo dragon.
The komodo dragon is heavily wounded.
The water moccasin misses you. The komodo dragon barely misses you.
You hit the komodo dragon but do no damage.
The komodo dragon is heavily wounded.
The elephant tramples you!
* * * LOW HITPOINT WARNING * * *
You hold your ground!
The elephant trunk-slaps you.
You die...

#..........?.,,,,,,,,
#............,,,,,,,,
##.........,,,,,,,,,,
##.......P,**,,,,,,,,,
#P......##****,,,,,,,,
*##....### *,,,*,,,,
#P...†.## ******,,,
#..SlY.P# **,,
#...Y.### *,,,
*#.....### ***,,
#.#....## *,*,,
###.....# **,,,
#.....P# ******,,,
#.....## *,,**,,,,
#.....# **,,,,,,,,
##....# *,,,,,,,,.
##....## **.........


You could see an elephant, a komodo dragon and a water moccasin.

Vanquished Creatures
  Kirke (Lair:3)
  A boulder beetle (Lair:3)
  5 hydras
  A two-headed ogre (D:10)
  3 death yaks (Lair:2)
  Sonja (Lair:1)
  Pikel (D:6)
  A lindwurm (Lair:4)
  An ugly thing (D:11)
  7 black mambas
  12 elephants
  An unseen horror (D:10)
  10 cane toads
  2 rime drakes
  5 komodo dragons
  2 polar bears (Lair:3)
  2 hornets
  A slime creature (Lair:2)
  Sigmund (D:5)
  2 wraiths (D:10)
  A shadow (D:10)
  6 wyverns
  A basilisk (Lair:5)
  21 yaks
  3 vampire mosquitoes (D:11)
  A steam dragon (D:9)
  Menkaure (D:6)
  An acid dragon (D:10)
  20 water moccasins
  10 orc warriors
  2 ice beasts
  6 wolves (Lair:1)
  An ogre (D:5)
  2 centaurs
  2 phantoms
  2 kobold brigands (D:8)
  14 bullfrogs
  2 necrophages
  4 scorpions
  8 wights
  6 killer bees
  A howler monkey (D:7)
  An electric eel (Lair:1)
  7 jellies
  7 orc priests
  2 gnoll boudas (D:8)
  4 hell rats (Lair:5)
  3 iguanas
  13 orc wizards
  Robin (D:4)
  5 gnolls (D:8)
  7 adders
  A shadow imp (D:6)
  A white imp (D:7)
  3 ufetubi
  A worm (D:2)
  A dart slug (D:4)
  41 orcs
  9 ball pythons
  21 endoplasms
  2 giant cockroaches
  8 hobgoblins
  10 jackals
  25 kobolds
  2 quokkas
  7 bats
  4 frilled lizards
  18 goblins
  7 rats
386 creatures vanquished.

Vanquished Creatures (collateral kills)
  2 elephants
  A gargoyle (D:7)
  A yak (Lair:2)
  A water moccasin (Lair:3)
5 creatures vanquished.

Vanquished Creatures (others)
  3 humans (Lair:3)
  A bullfrog (Lair:3)
  An adder (D:4)
  26 foxfires
  68 fungi
  114 plants
  5 withered plants (Lair:1)
218 creatures vanquished.

Grand Total: 609 creatures vanquished

Notes
Turn   | Place    | Note
-------+----------+-------------------------------------------
     0 | D:1      | Reached skill level 10 in Shields
     0 | D:1      | Anothat the Gnoll Wanderer began the quest for the Orb.
     0 | D:1      | Anothat set off with the following items: a +0 mace, a +2
                  | buckler, a +0 scale mail, a scroll of vulnerability.
     0 | D:1      | Reached XP level 1. HP: 17/17 MP: 1/1
   377 | D:1      | Reached XP level 2. HP: 23/23 MP: 2/2
   856 | D:1      | Reached XP level 3. HP: 28/28 MP: 3/3
  1067 | D:2      | Reached skill level 1 in Invocations
  1288 | D:2      | Reached skill level 1 in Short Blades
  1288 | D:2      | Reached skill level 1 in Long Blades
  1288 | D:2      | Reached skill level 1 in Axes
  1288 | D:2      | Reached skill level 1 in Polearms
  1288 | D:2      | Reached skill level 1 in Staves
  1288 | D:2      | Reached skill level 1 in Ranged Weapons
  1288 | D:2      | Reached skill level 1 in Throwing
  1288 | D:2      | Reached skill level 1 in Dodging
  1288 | D:2      | Reached skill level 1 in Stealth
  1288 | D:2      | Reached skill level 1 in Unarmed Combat
  1288 | D:2      | Reached skill level 1 in Spellcasting
  1390 | D:2      | Found a faded altar of an unknown god.
  1640 | D:2      | Reached XP level 4. HP: 24/34 MP: 5/5
  2622 | D:3      | Reached skill level 1 in Conjurations
  2622 | D:3      | Reached skill level 1 in Hexes
  2622 | D:3      | Reached skill level 1 in Summonings
  2622 | D:3      | Reached skill level 1 in Necromancy
  2622 | D:3      | Reached skill level 1 in Translocations
  2622 | D:3      | Reached skill level 1 in Transmutations
  2622 | D:3      | Reached skill level 1 in Fire Magic
  2622 | D:3      | Reached skill level 1 in Ice Magic
  2622 | D:3      | Reached skill level 1 in Air Magic
  2622 | D:3      | Reached skill level 1 in Earth Magic
  2622 | D:3      | Reached skill level 1 in Poison Magic
  3169 | D:3      | Reached XP level 5. HP: 40/40 MP: 7/7
  3469 | D:4      | Noticed Dowan
  3497 | D:4      | Noticed Robin
  3737 | D:4      | Killed Robin
  4161 | D:4      | Noticed Duvessa
  4565 | D:4      | Reached XP level 6. HP: 40/47 MP: 8/8
  4661 | D:5      | Entered Level 5 of the Dungeon
  4710 | D:5      | Noticed an ice beast
  4923 | D:6      | Noticed Menkaure
  4944 | D:6      | Reached skill level 5 in Maces & Flails
  4968 | D:6      | Killed Menkaure
  5108 | D:6      | Noticed a water moccasin
  5135 | D:6      | Killed a water moccasin
  5136 | D:6      | Reached XP level 7. HP: 21/52 MP: 10/10
  5800 | D:6      | Noticed Pikel
  5829 | D:6      | Killed Pikel
  5830 | D:6      | Reached XP level 8. HP: 37/60 MP: 10/12
  6045 | D:6      | Reached skill level 11 in Shields
  6552 | D:5      | Noticed Sigmund
  6560 | D:5      | Killed Sigmund
  7125 | D:5      | Reached XP level 9. HP: 62/66 MP: 14/14
  7977 | D:6      | Found a runed translucent door.
  7978 | D:6      | Noticed Crazy Yiuf
  8183 | D:7      | Reached skill level 5 in Fighting
  8183 | D:7      | Reached skill level 5 in Armour
  8183 | D:7      | Reached skill level 5 in Evocations
  8190 | D:7      | Found a flagged portal.
  8233 | Bailey   | Entered a bailey
  8869 | Bailey   | Reached skill level 5 in Invocations
  9927 | D:7      | Found a staircase to the Ecumenical Temple.
  9941 | Temple   | Entered the Ecumenical Temple
 10156 | Temple   | Became a worshipper of Ashenzari the Shackled
 10322 | D:7      | Noticed windycow's ghost (novice GnAM)
 10332 | D:7      | Found a runed translucent gate.
 10332 | D:7      | Found a runed translucent gate.
 10332 | D:7      | Found a runed translucent gate.
 10401 | D:7      | Noticed a gargoyle
 10856 | D:7      | Killed a gargoyle
 10857 | D:7      | Reached skill level 5 in Short Blades
 10857 | D:7      | Reached skill level 5 in Long Blades
 10857 | D:7      | Reached skill level 5 in Axes
 10857 | D:7      | Reached skill level 5 in Polearms
 10857 | D:7      | Reached skill level 5 in Staves
 10857 | D:7      | Reached skill level 5 in Ranged Weapons
 10857 | D:7      | Reached skill level 5 in Throwing
 10857 | D:7      | Reached skill level 5 in Dodging
 10857 | D:7      | Reached skill level 5 in Stealth
 10857 | D:7      | Reached skill level 5 in Unarmed Combat
 10857 | D:7      | Reached skill level 5 in Spellcasting
 10857 | D:7      | Reached XP level 10. HP: 39/76 MP: 17/17
 12643 | D:8      | Paralysed by a hornet for 2 turns
 13817 | D:8      | Paralysed by a gnoll bouda for 5 turns
 14397 | D:10     | Entered Level 10 of the Dungeon
 14544 | D:10     | Found a transporter.
 14546 | D:10     | Found a transporter.
 14547 | D:10     | Found a transporter.
 14548 | D:10     | Found a transporter.
 14731 | D:10     | Reached * piety under Ashenzari
 15079 | D:10     | Noticed a two-headed ogre
 15089 | D:10     | Killed a two-headed ogre
 15090 | D:10     | Reached skill level 12 in Shields
 15408 | D:10     | Reached skill level 5 in Conjurations
 15408 | D:10     | Reached skill level 5 in Hexes
 15408 | D:10     | Reached skill level 5 in Summonings
 15408 | D:10     | Reached skill level 5 in Necromancy
 15408 | D:10     | Reached skill level 5 in Translocations
 15408 | D:10     | Reached skill level 5 in Transmutations
 15408 | D:10     | Reached skill level 5 in Fire Magic
 15408 | D:10     | Reached skill level 5 in Ice Magic
 15408 | D:10     | Reached skill level 5 in Air Magic
 15408 | D:10     | Reached skill level 5 in Earth Magic
 15408 | D:10     | Reached skill level 5 in Poison Magic
 15413 | D:10     | Reached XP level 11. HP: 61/84 MP: 21/21
 15668 | D:10     | Found a glowing silver altar of Zin.
 15868 | D:11     | Found a staircase to the Lair.
 16147 | D:11     | Noticed a cyan ugly thing
 16168 | D:11     | Killed a cyan ugly thing
 16655 | Lair:1   | Entered Level 1 of the Lair of Beasts
 17028 | Lair:1   | Noticed a six-headed hydra
 17040 | Lair:1   | Killed a six-headed hydra
 17967 | Lair:1   | Noticed an eight-headed hydra
 17968 | Lair:1   | Noticed an oklob plant
 17968 | Lair:1   | Noticed a five-headed hydra
 18006 | Lair:1   | Noticed Sonja
 18021 | Lair:1   | Found the +1 robe of Vines {NoPotionHeal Regen++++}
 18572 | Lair:2   | Reached ** piety under Ashenzari
 18575 | Lair:2   | Learned a level 1 spell: Foxfire
 18579 | Lair:2   | Learned a level 3 spell: Spider Form
 19239 | Lair:2   | Noticed a death yak
 19240 | Lair:2   | Noticed a death yak
 19457 | Lair:2   | Noticed a death yak
 19502 | Lair:2   | Noticed a death yak
 19831 | Lair:1   | Found a runed translucent gate.
 19832 | Lair:1   | Found a runed translucent gate.
 19833 | Lair:1   | Found a runed translucent gate.
 19913 | Lair:1   | Killed Sonja
 20044 | Lair:2   | Noticed a death yak
 20332 | Lair:2   | Reached *** piety under Ashenzari
 20453 | Lair:2   | Killed a death yak
 20454 | Lair:2   | Reached XP level 12. HP: 74/95 MP: 24/24
 20547 | Lair:2   | Noticed a death yak
 20600 | Lair:2   | Killed a death yak
 20675 | Lair:2   | Learned a level 4 spell: Ice Form
 20740 | Lair:1   | Identified the cursed +0 helmet "Ruined Together" {Self,
                  | Fort} (You took it off Robin on level 4 of the Dungeon)
 20740 | Lair:1   | Identified the cursed +1 pair of boots "Sibylline
                  | Visionary" {Fly, Alch, Melee} (You found it in a bailey)
 20740 | Lair:1   | Identified the cursed +0 kite shield of Supernal Gnosis
                  | {Cun, Evo} (You found it on level 6 of the Dungeon)
 20740 | Lair:1   | Identified the cursed +0 ring mail "Overhang to Understand"
                  | {Cun, Bglg} (You took it off an orc on level 5 of the
                  | Dungeon)
 21350 | Lair:1   | Noticed Karim's ghost (journeyman GnWn)
 21351 | Lair:1   | Noticed Armakuni's ghost (journeyman DgDe)
 21558 | Lair:1   | Killed an eight-headed hydra
 21574 | Lair:1   | Killed a five-headed hydra
 21783 | Lair:1   | Identified the +5 short sword of Royalism {vorpal, Fragile
                  | rF++ MP+9 Int+4}
 22290 | Lair:2   | Learned a level 4 spell: Summon Ice Beast
 22372 | Lair:2   | Killed a death yak
 23285 | Lair:3   | Found a staircase to the Snake Pit.
 23588 | Lair:3   | Noticed Kirke
 23614 | Lair:3   | Killed Kirke
 23615 | Lair:3   | Reached skill level 13 in Shields
 23779 | Lair:3   | Reached **** piety under Ashenzari
 23938 | Lair:3   | Identified the cursed +0 cloak of the Esoteric Apathy
                  | {Comp, Elem} (You found it on level 4 of the Dungeon)
 23999 | Lair:3   | Noticed a four-headed hydra
 24034 | Lair:3   | Reached XP level 13. HP: 99/99 MP: 21/25
 24287 | Lair:3   | HP: 5/118 [boulder beetle (10)]
 24904 | Lair:3   | Found a staircase to the Swamp.
 27181 | Lair:5   | Entered Level 5 of the Lair of Beasts
 27595 | Lair:5   | Reached skill level 10 in Maces & Flails
 27953 | Lair:5   | Found a staircase to the Slime Pits.
 27953 | Lair:5   | Found a viscous altar of Jiyva.
 28047 | Lair:5   | Learned a level 4 spell: Sticky Flame
 28229 | Lair:5   | HP: 1/121 [elephant (14)]
 28229 | Lair:5   | Slain by an elephant

Illustrated notes

Levels and vault maps discovered:
D:1:      minmay_arrival_wavy_path, layout_loops_cross, serial_forest,
          infiniplex_forest_clump_curved, infiniplex_forest_clump_tiny,
          infiniplex_forest_clump_medium, infiniplex_forest_lined_1,
          infiniplex_forest_lined_room_2, infiniplex_forest_lined_3,
          infiniplex_forest_straight_2, infiniplex_forest_lined_3
D:2:      layout_basic, dreamdust_ecumenical_altar_grove, skrybe_limestone_x,
          minmay_misc_feat_rugged
D:3:      layout_basic, hangedman_abyss_or_decor_stabs
D:4:      layout_cave_pools, uniq_robin, uniq_duvessa
D:5:      layout_gridville, uniq_sigmund
D:6:      layout_basic, uniq_pikel, uniq_menkaure, uniq_crazy_yiuf_cottage
D:7:      layout_gridville, minmay_temple_entry_statues_pillars,
          gammafunk_ghost_icy, enter_bailey_5, minmay_chambers_of_fives
D:8:      layout_cave_pods, minmay_fractal_squares_gapless_5
D:9:      layout_basic, serial_bayou, serial_bayou_pond_e,
          serial_bayou_lagoon_a, serial_bayou_shore_b, serial_bayou_shore_a,
          billiards_dpeg
D:10:     layout_roguey, nicolae_overflow_hidden_temple, nicolae_diode_quadrants
D:11:     layout_basic, lair_entry_dummy
Temple:   mainiacjoe_temple_starburst
Lair:1:   layout_gridlike, gammafunk_ghost_cemetery,
          nicolae_quartered_pool_little, hellmonk_guarded_unrand_vines,
          uniq_sonja
Lair:2:   lemuel_slime, layout_long_grid
Lair:3:   layout_roguey, swamp_mist, minmay_snake_entry_six_corridors,
          grunt_megastairs_4, serial_bayou_shore_b, uniq_kirke
Lair:4:   layout_gridlike
Lair:5:   hangedman_lair_tendril_chambers, layout_cellular_growth,
          guppyfry_lair_end_dragon, slime_entry_1

Skill      XL: |  1  2  3  4  5  6  7  8  9 10 11 12 13 |
---------------+----------------------------------------+-----
Shields        | 11 12 13 | 13.5
Invocations    | 1 2 3 4 5 6 7 8 9 |  9.8
Short Blades   | 1 2 3 5 6 7 8 |  8.9
Long Blades    | 1 2 3 5 6 7 8 |  8.9
Axes           | 1 2 3 5 6 7 8 |  8.9
Polearms       | 1 2 3 5 6 7 8 |  8.9
Staves         | 1 2 3 5 6 7 8 |  8.9
Ranged Weapons | 1 2 3 5 6 7 8 |  8.9
Throwing       | 1 2 3 5 6 7 8 |  8.9
Dodging        | 1 2 3 5 6 7 8 |  8.9
Stealth        | 1 2 3 5 6 7 8 |  8.9
Unarmed Combat | 1 2 3 5 6 7 8 |  8.9
Spellcasting   | 1 2 3 5 6 7 8 9 |  9.2
Conjurations   | 1 2 3 4 5 6 7 |  7.4
Hexes          | 1 2 3 4 5 6 7 |  7.4
Summonings     | 1 2 3 4 5 6 7 |  7.4
Necromancy     | 1 2 3 4 5 6 7 |  7.4
Translocations | 1 2 3 4 5 6 7 |  7.4
Transmutations | 1 2 3 4 5 6 7 |  7.4
Fire Magic     | 1 2 3 4 5 6 7 |  7.4
Ice Magic      | 1 2 3 4 5 6 7 |  7.4
Air Magic      | 1 2 3 4 5 6 7 |  7.4
Earth Magic    | 1 2 3 4 5 6 7 |  7.4
Poison Magic   | 1 2 3 4 5 6 7 |  7.4
Fighting       | 3 4 5 6 7 8 9 |  9.3
Armour         | 3 4 5 6 7 8 9 |  9.3
Evocations     | 3 4 5 6 7 8 9 |  9.3
Maces & Flails | 5 6 7 8 9 10 | 10.1

Action                   |  1- 3 |  4- 6 |  7- 9 | 10-12 | 13-15 || total
-------------------------+-------+-------+-------+-------+-------++-------
Melee: Mace              |   130 |   128 |       |       |       ||   258
       Bite              |    10 |    32 |    46 |   160 |     2 ||   250
       Dagger            |       |    81 |       |       |       ||    81
       Unarmed           |       |     1 |       |    91 |   238 ||   330
       Flail             |       |    28 |   348 |   960 |    13 ||  1349
       Short sword       |       |       |       |    11 |       ||    11
 Fire: Arbalest          |       |       |    16 |       |       ||    16
Throw: Boomerang         |       |       |       |    30 |       ||    30
 Cast: Ice Form          |       |       |       |     9 |    17 ||    26
       Foxfire           |       |       |       |     8 |     9 ||    17
       Summon Ice Beast  |       |       |       |     2 |    17 ||    19
       Sticky Flame      |       |       |       |       |     2 ||     2
Invok: Curse Item        |       |       |       |     6 |     1 ||     7
Evoke: Phantom mirror    |       |       |     1 |     1 |     1 ||     3
       Wand              |       |       |       |    19 |       ||    19
  Use: Scroll            |     3 |     6 |    11 |    10 |     2 ||    32
       Potion            |       |     5 |     6 |    11 |     3 ||    25
 Stab: Sleeping          |       |       |     1 |     8 |     1 ||    10
       Paralysed         |       |       |       |     6 |       ||     6
       Distracted        |       |       |       |     1 |     1 ||     2
Armor: Scale mail        |    44 |    67 |    99 |    69 |       ||   279
       Ring mail         |       |       |       |   106 |     2 ||   108
       Skin              |       |       |       |    19 |    80 ||    99
Dodge: Dodged            |    32 |    89 |   123 |   314 |   170 ||   728
Block: Buckler           |    56 |   133 |    18 |       |       ||   207
       Kite shield       |       |       |   249 |   876 |    22 ||  1147
       Reflection        |       |       |     7 |    20 |       ||    27
       Other             |       |       |     1 |    15 |    51 ||    67
